 Dungeon Crawl Stone Soup version 0.31.0-12-g77e489cdc1 (webtiles) character file.

Game seed: 10575544414055929903

111224 Peloso the Fencer (level 16, -3/156 HPs)
             Began as a Minotaur Fighter on Feb 19, 2024.
             Was the Champion of Okawaru.
             Killed from afar by Aizul (4 damage)
             ... with a bolt of poison
             ... on level 1 of the Snake Pit.
             The game lasted 01:12:23 (33595 turns).

Peloso the Fencer (Minotaur Fighter)               Turns: 33595, Time: 01:12:26

Health: -3/156     AC: 30    Str: 23    XL:     16   Next: 9%
Magic:  14/15      EV: 10    Int:  9    God:    Okawaru [******]
Gold:   3610       SH:  8    Dex: 19    Spells: 15/15 levels left

rFire   + + .        a - +7 double sword of Famine {venom, rPois rF+ rCorr Dex+3}
rCold   + . .        d - +0 buckler {AC+3}
rNeg    + . .        f - +3 plate armour {rC+}
rPois   +            K - +0 hat "Runkatyo" {Rampage}
rElec   .            D - +2 cloak
rCorr   +            (no gloves)
SInv    .            o - +1 pair of boots
Will    +....        L - dreamdust necklace {Acrobat} Stlth
                     W - ring "Pyxzeept" {Fly rN+ rCorr Int+4 Slay+3}
HPRegen 0.46/turn    n - ring of protection from fire
MPRegen 0.14/turn

%: acrobat, rampage
@: flying
A: horns 2, retaliatory headbutt
a: Renounce Religion, Heroism, Finesse, Duel, Receive Weapon, Receive Armour


You were on level 1 of the Snake Pit.
You worshipped Okawaru.
Okawaru was exalted by your worship.
You visited 4 branches of the dungeon, and saw 23 of its levels.
You also visited: Gauntlet and Ice Cave.

You collected 4607 gold pieces.
You spent 997 gold pieces at shops.

Inventory:

Hand Weapons
 a - the +7 double sword of Famine (weapon) {venom, rPois rF+ rCorr Dex+3}
   (You acquired it in a Gauntlet)

   Dex+3:     It affects your dexterity (+3).
   rF+:       It protects you from fire.
   rPois:     It protects you from poison rCorr: It protects you from acid and
   corrosion.
 b - a +4 scimitar of flaming
 c - a +0 vampiric double sword
Missiles
 y - 3 throwing nets (quivered)
Armour
 d - a +0 buckler of protection (worn)
 f - a +3 plate armour of cold resistance (worn)
 o - a +1 pair of boots (worn)
 D - a +2 cloak (worn)
 K - the +0 hat "Runkatyo" (worn) {Rampage}
   (You found it in a Gauntlet)

   Rampage:   It bestows one free step when moving towards enemies.
Jewellery
 n - a ring of protection from fire (right hand)
 G - an amulet of faith
 L - the dreamdust necklace (around neck) {Acrobat}
   (You found it in a Gauntlet)

   [amulet of the acrobat]

   Acrobat:   It increases your evasion while moving and waiting.
 M - a ring of see invisible
 W - the ring "Pyxzeept" (left hand) {Fly rN+ rCorr Int+4 Slay+3}
   (You bought it in a shop on level 2 of the Orcish Mines)

   [ring of resist corrosion]

   Int+4:     It affects your intelligence (+4).
   Slay+3:    It affects your accuracy & damage with ranged weapons and melee
   (+3).
   rN+:       It protects you from negative energy.
   Fly:       It grants you flight.
   rCorr:     It protects you from acid and corrosion.
Wands
 e - a wand of paralysis (6)
Scrolls
 m - 6 scrolls of immolation
 u - a scroll of acquirement
 A - 8 scrolls of teleportation
 V - 2 scrolls of poison
 Y - 3 scrolls of blinking
Potions
 i - 6 potions of might
 r - 4 potions of resistance
 t - 7 potions of enlightenment
 I - 2 potions of haste {unknown}
 J - 2 potions of attraction
 Q - 4 potions of curing
 U - 2 potions of berserk rage {unknown}


   Skills:
 + Level 17.6 Fighting
 + Level 19.5 Long Blades
 + Level 17.8 Armour
 + Level 5.0 Dodging
 + Level 2.8 Stealth
 + Level 14.3 Shields
 + Level 0.7 Invocations


You had 15 spell levels left.
You didn't know any spells.
Your spell library contained the following spells:

 Spells                   Type           Power      Damage    Failure   Level
 Magic Dart               Conj           0%         1d3       97%         1
 Blink                    Tloc           0%         N/A       99%         2
 Cigotuvi's Dreadful Rot  Necr/Alch/Air  0%         N/A       99%         2
 Ensorcelled Hibernation  Hex/Ice        0%         N/A       99%         2
 Jinxbite                 Hex            0%         N/A       99%         2
 Momentum Strike          Conj/Tloc      0%         3d8       99%         2
 Fugue of the Fallen      Necr           0%         N/A       100%        3
 Gell's Gravitas          Tloc           0%         N/A       100%        3
 Inner Flame              Hex/Fire       0%         N/A       100%        3
 Ozocubu's Armour         Ice            0%         N/A       100%        3
 Passwall                 Erth           0%         N/A       100%        3
 Swiftness                Air            0%         N/A       100%        3
 Anguish                  Hex/Necr       0%         N/A       100%        4
 Flame Wave               Conj/Fire      0%         2d4       100%        4
 Ignite Poison            Fire/Alch      0%         N/A       100%        4
 Manifold Assault         Tloc           0%         N/A       100%        4
 Passage of Golubria      Tloc           0%         N/A       100%        4
 Sticky Flame             Fire/Alch      0%         2d4       100%        4
 Vhi's Electric Charge    Tloc/Air       0%         N/A       100%        4
 Borgnjor's Vile Clutch   Necr/Erth      0%         N/A       100%        5
 Freezing Cloud           Conj/Ice/Air   0%         6-21      100%        5
 Lee's Rapid Deconstruct  Erth           0%         3d4*      100%        5
 Yara's Violent Unravell  Hex/Alch       0%         3d3       100%        5
 Enfeeble                 Hex            0%         N/A       100%        7
 Disjunction              Tloc           0%         N/A       100%        8
 Call Imp                 Summ           Unusable   N/A       N/A         2
 Tukima's Dance           Hex            Unusable   N/A       N/A         3
 Animate Armour           Summ/Erth      Unusable   N/A       N/A         4
 Animate Dead             Necr           Unusable   N/A       N/A         4
 Summon Lightning Spire   Summ/Air       Unusable   N/A       N/A         4
 Summon Forest            Summ/Tloc      Unusable   N/A       N/A         5
 Death Channel            Necr           Unusable   N/A       N/A         6
 Malign Gateway           Summ/Tloc      Unusable   N/A       N/A         7

Dungeon Overview and Level Annotations

Branches:
Dungeon (15/15)            Temple (0/1) D:6            Lair (5/5) D:9
 Shoals (0/4) Lair:3        Snake (1/4) Lair:3        Slime (0/5) Lair:4
    Orc (2/2) D:10            Elf (0/3) Orc:2        Vaults (0/5) D:13
 Depths (0/4) D:15          IceCv (visited)         Gauntlet (visited)

Altars:
Fedhas
Hepliaklqana
Okawaru
Xom
Zin
Jiyva

Shops:
D:3 [   D:12 *[[(   D:14 [   Orc:2 !!*=   Snake:1 ?:((

Annotations:
Lair:1 Casa
Snake:1 Aizul


Innate Abilities, Weirdness & Mutations

You have a pair of horns on your head.
You reflexively headbutt those who attack you in melee.


Message History

You barely miss Aizul.
Aizul is heavily wounded.
You feel sick. The shock serpent bites you. The shock serpent shocks you!
Aizul hits you but does no damage.
Unknown command.
You slice Aizul!! You headbutt Aizul, but do no damage.
Aizul is severely wounded.
You feel sick.
You are no longer poisoned.
You block the shock serpent's attack. Aizul barely misses you.
Unknown command.
You completely miss Aizul.
Aizul is severely wounded.
Aizul coils herself and waves her upper body at you.
The bolt of poison hits you. You resist.
The shock serpent bites you but does no damage.
Unknown command.
You hit Aizul. You headbutt Aizul, but do no damage.
Aizul is severely wounded.
You block the shock serpent's attack.
Aizul coils herself and waves her upper body at you.
You fall asleep.
The shock serpent bites you but does no damage.
Aizul hits you!!!
You wake up.
* * * LOW HITPOINT WARNING * * *
You block the shock serpent's attack. Aizul closely misses you.
You furiously retaliate!
You headbutt Aizul! You slice Aizul!!
Aizul looks as sick as possible!
Aizul is almost dead.
The shock serpent misses you. You furiously retaliate!
You headbutt the shock serpent. Aizul hits you!
Your necklace shatters, unleashing a wave of protective dreams!
You dream of life, and clouds.
You slash Aizul!
Aizul is almost dead.
You feel like a meek peon again. You block the shock serpent's attack.
Aizul casts a spell at you. The bolt of poison hits you. You resist.
You die...

#...###...## ..# ###
#.. ##...# ##..##....
#. #...# #......#.. .
.####...###.#......
.................# #.
.#####...........#...
#.....§§N§§...#
........§§S§§..##
...##....§S@§§...#
.... #....§§§§§.#...
.#. #######§§§.# #.
#....# #...## #...#
#...# #####


You could see Aizul (extremely poisoned), a shock serpent and a naga.

Vanquished Creatures
  A frost giant (D:15)
  2 minotaurs
  8 hydras
  A merfolk avatar (Lair:5)
  3 anacondas (Snake:1)
  A boulder beetle (D:15)
  2 catoblepae
  2 naga warriors (Snake:1)
  9 centaur warriors
  5 two-headed ogres
  3 tengu warriors
  6 death yaks
  A shock serpent (Snake:1)
  An occultist (Gauntlet)
  2 orc high priests (Orc:2)
  A naga sharpshooter (Snake:1)
  2 skysharks
  2 sixfirhies (Gauntlet)
  5 skeletal warriors
  An arcanist (Gauntlet)
  A naga ritualist (Snake:1)
  2 mana vipers (Snake:1)
  2 phantasmal warriors (Snake:1)
  A necromancer (IceCv)
  2 harpies
  7 deep elf pyromancers (Orc:2)
  2 ugly things (D:13)
  A deep elf zephyrmancer (Orc:2)
  4 cyclopes
  5 orc sorcerers
  4 manticores
  3 meliai (D:13)
  3 salamanders
  9 black mambas
  19 elephants
  2 kobold blastminers (Orc:2)
  3 naga magi (Snake:1)
  A black mamba (shapeshifter) (D:12)
  2 ice statues
  A gargoyle (D:12)
  A cane toad (shapeshifter) (D:15)
  A smoke demon (Gauntlet)
  A torpor snail (Lair:4)
  2 centaur skeletons (D:13)
  6 komodo dragons
  2 unseen horrors
  10 cane toads
  5 yaktaurs (D:13)
  6 rime drakes
  3 freezing wraiths
  2 kobold demonologists
  2 efreet
  3 anaconda simulacra (IceCv)
  15 ice devils
  6 trolls
  4 hornets
  A wind drake (Lair:5)
  5 polar bears
  The ghost of koorschki the Insei, an amateur DsSh (D:4)
  2 snapping turtles (Lair:5)
  A blink frog (Lair:5)
  11 slime creatures
  12 dream sheep
  A vampire (D:13)
  2 shadows
  A spriggan (shapeshifter) (D:14)
  6 wyverns
  51 yaks
  6 basilisks
  7 death yak simulacra (IceCv)
  2 wargs
  5 wraiths
  3 steam dragons
  8 vampire mosquitoes
  Menkaure (D:4)
  4 harpy simulacra (IceCv)
  2 acid dragons (D:10)
  6 nagas (Snake:1)
  9 water moccasins
  2 hydra simulacra (IceCv)
  26 orc warriors
  A laughing skull (D:10)
  A black bear (shapeshifter) (D:15)
  2 black bears
  2 sky beasts
  5 ogres
  14 centaurs
  A hornet zombie (D:4)
  13 wolves
  2 phantoms
  5 kobold brigands
  Blork the orc (D:4)
  12 bullfrogs
  A necrophage (D:4)
  2 scorpions
  2 gnoll sergeants (D:5)
  2 cane toad simulacra (IceCv)
  2 two-headed ogre simulacra (IceCv)
  4 wights (D:7)
  A wyvern skeleton (D:4)
  4 killer bees
  3 elephant simulacra (IceCv)
  2 howler monkeys
  3 electric eels (Lair:5)
  3 crimson imps (Gauntlet)
  8 lava snakes
  A centaur zombie (D:4)
  Crazy Yiuf (D:3)
  2 bombardier beetles (D:5)
  A gnoll bouda (D:4)
  5 hounds
  41 orc priests
  2 sleepcaps
  3 iguanas
  Natasha (thrice) (D:3)
  45 orc wizards
  4 polar bear simulacra (IceCv)
  2 boggart skeletons (D:13)
  4 wolf simulacra (IceCv)
  19 gnolls
  13 adders
  A naga simulacrum (IceCv)
  3 shadow imps
  11 white imps
  5 ufetubi
  3 dart slugs
  2 ribbon worms
  117 orcs
  7 ball pythons
  11 endoplasms
  6 giant cockroaches
  9 goblins
  7 hobgoblins
  12 jackals
  11 kobolds
  3 quokkas
  5 bats
  2 frilled lizards (D:1)
  8 rats
841 creatures vanquished.

Vanquished Creatures (others)
  An orc priest (Orc:2)
  An orc wizard (Orc:2)
  An orc (D:9)
  2 kobolds (D:7)
5 creatures vanquished.

Grand Total: 846 creatures vanquished

Notes
Turn   | Place    | Note
-------+----------+-------------------------------------------
     0 | D:1      | Peloso the Minotaur Fighter began the quest for the Orb.
     0 | D:1      | Reached XP level 1. HP: 19/19 MP: 0/0
    40 | D:1      | Reached XP level 2. HP: 21/27 MP: 1/1
   374 | D:1      | Reached skill level 3 in Long Blades
   592 | D:1      | Reached XP level 3. HP: 31/33 MP: 2/2
  1190 | D:2      | Reached XP level 4. HP: 37/40 MP: 3/3
  1214 | D:2      | Reached skill level 4 in Long Blades
  2010 | D:3      | Found Wironnobra's Armour Boutique.
  2337 | D:3      | Found a faded altar of an unknown god.
  2353 | D:3      | Noticed a bullfrog
  2358 | D:3      | Reached XP level 5. HP: 34/46 MP: 4/4
  2361 | D:3      | Reached skill level 5 in Long Blades
  2361 | D:3      | Reached skill level 5 in Armour
  2458 | D:3      | Identified the +3 ring mail of the Kodama {Rampage rF-
                  | rC+++ SInv}
  2799 | D:3      | Noticed Natasha
  2806 | D:3      | Killed Natasha
  2807 | D:3      | Reached XP level 6. HP: 48/53 MP: 5/5
  2815 | D:3      | Noticed Natasha
  2825 | D:3      | Killed Natasha
  2911 | D:3      | Noticed Natasha
  2916 | D:3      | Killed Natasha
  2940 | D:3      | Found a runed translucent door.
  2941 | D:3      | Noticed Crazy Yiuf
  3190 | D:4      | Noticed Menkaure
  3197 | D:4      | HP: 1/53 [orc priest/divine providence (12)]
  3199 | D:4      | Killed Menkaure
  3200 | D:4      | Reached skill level 6 in Long Blades
  3200 | D:4      | Reached skill level 1 in Dodging
  3345 | D:4      | Noticed an orc warrior
  3365 | D:3      | Killed an orc warrior
  3366 | D:3      | Reached XP level 7. HP: 10/60 MP: 6/6
  3571 | D:4      | Reached skill level 5 in Fighting
  3583 | D:4      | Reached skill level 5 in Shields
  3911 | D:5      | Entered Level 5 of the Dungeon
  3923 | D:5      | Reached skill level 7 in Long Blades
  3934 | D:4      | Noticed Blork the orc
  4046 | D:5      | Reached XP level 8. HP: 33/69 MP: 7/7
  4247 | D:5      | Reached skill level 8 in Long Blades
  4434 | D:5      | Found a glowing silver altar of Zin.
  4455 | D:5      | Found a blossoming altar of Fedhas.
  4457 | D:5      | Found an iron altar of Okawaru.
  4466 | D:5      | Became a worshipper of Warmaster Okawaru
  4733 | D:4      | Noticed koorschki's ghost (amateur DsSh)
  4891 | D:4      | Killed Blork the orc
  4949 | D:4      | Found a transporter.
  4952 | D:4      | Found a transporter.
  5271 | D:6      | Reached skill level 9 in Long Blades
  5271 | D:6      | Reached skill level 1 in Stealth
  5479 | D:6      | Reached XP level 9. HP: 75/75 MP: 8/8
  5501 | D:6      | Reached * piety under Okawaru
  5580 | D:6      | Found a shimmering altar of Xom.
  5581 | D:6      | Found a hazy altar of Hepliaklqana.
  5582 | D:6      | Noticed a spectral ugly thing
  5602 | D:6      | Found a staircase to the Ecumenical Temple.
  5638 | D:6      | Reached skill level 10 in Long Blades
  6566 | D:7      | Reached ** piety under Okawaru
  6581 | D:7      | Reached skill level 11 in Long Blades
  6601 | D:7      | HP: 4/80 [steam dragon (3)]
  6937 | D:7      | Reached *** piety under Okawaru
  6943 | D:7      | Reached XP level 10. HP: 86/88 MP: 9/9
  7687 | D:8      | Reached skill level 12 in Long Blades
  8080 | D:8      | Noticed a two-headed ogre
  8090 | D:8      | Paralysed by a hornet for 3 turns
  8103 | D:8      | HP: 4/90 [poisoned by a hornet]
  8537 | D:8      | Killed a two-headed ogre
  8662 | D:8      | Paralysed by a hornet for 3 turns
  8666 | D:8      | Reached **** piety under Okawaru
  8915 | D:9      | Reached skill level 10 in Armour
  9114 | D:9      | Reached skill level 13 in Long Blades
  9213 | D:9      | Found a staircase to the Lair.
  9442 | D:9      | Identified the +0 pair of gloves of Olionay {^Contam
                  | Rampage rElec}
  9489 | D:9      | Reached ***** piety under Okawaru
  9645 | D:9      | Noticed an ice statue
 10276 | D:10     | Entered Level 10 of the Dungeon
 10292 | D:10     | Reached XP level 11. HP: 53/97 MP: 10/10
 10997 | D:10     | Noticed a tengu warrior
 11014 | D:10     | Killed a tengu warrior
 11331 | D:10     | Found a staircase to the Orcish Mines.
 12107 | D:3      | Killed Crazy Yiuf
 12365 | D:11     | Noticed a two-headed ogre
 12377 | D:11     | Killed a two-headed ogre
 12378 | D:11     | Reached skill level 14 in Long Blades
 12514 | D:11     | Received a gift from Okawaru
 12515 | D:11     | Reached skill level 10 in Fighting
 12623 | D:11     | Found a runed translucent door.
 12711 | D:11     | Identified the +6 long sword of Symmetry {spect, Will++
                  | Int-5}
 12775 | D:11     | Noticed a two-headed ogre
 12785 | D:11     | Killed a two-headed ogre
 13334 | Lair:1   | Entered Level 1 of the Lair of Beasts
 13334 | Lair:1   | Noticed a seven-headed hydra
 13353 | D:9      | Killed a two-headed hydra
 13857 | Lair:1   | Noticed a death yak
 13858 | Lair:1   | Noticed a death yak
 13858 | Lair:1   | Noticed a death yak
 13858 | Lair:1   | Noticed a death yak
 13880 | D:9      | Killed a death yak
 13886 | Lair:1   | Noticed a death yak
 13886 | Lair:1   | Noticed a death yak
 13898 | D:9      | Killed a death yak
 13899 | D:9      | Reached XP level 12. HP: 49/108 MP: 11/11
 13901 | D:9      | Killed a death yak
 13901 | D:9      | Received a gift from Okawaru
 14301 | D:9      | Killed a death yak
 14315 | D:9      | Killed a death yak
 14547 | Lair:1   | Killed a death yak
 14591 | Lair:1   | Noticed a catoblepas
 14610 | Lair:1   | Reached ****** piety under Okawaru
 14618 | Lair:1   | Killed a catoblepas
 14629 | Lair:1   | HP: 3/110 [yak (9)]
 15089 | Lair:1   | Reached skill level 15 in Long Blades
 15117 | Lair:1   | You are sucked into a shaft and drop 1 floor!
 15591 | Lair:2   | Received a gift from Okawaru
 16644 | Lair:3   | Received a gift from Okawaru
 16767 | Lair:3   | Found a staircase to the Shoals.
 16928 | Lair:3   | Found the +5 robe of Night {Dark Will+ SInv}
 16984 | Lair:3   | Noticed a seven-headed hydra
 16994 | Lair:3   | Killed a two-headed hydra
 16995 | Lair:3   | Reached XP level 13. HP: 49/119 MP: 12/12
 17247 | Lair:3   | Identified the +5 spear "Impslayer" {pain, Int-5 Dex+3
                  | Stlth+}
 17539 | Lair:3   | Found a staircase to the Snake Pit.
 18005 | D:12     | Found Quq Acs's Assorted Antiques.
 18009 | D:12     | Bought a viscous blue potion for 29 gold pieces
 18009 | D:12     | Bought a scroll of teleportation for 99 gold pieces
 18088 | D:12     | Found a gate leading to a gauntlet.
 18094 | Gauntlet | Entered a Gauntlet
 18094 | Gauntlet | Found a transporter.
 18094 | Gauntlet | Found a transporter.
 18103 | Gauntlet | Found a transporter.
 18110 | Gauntlet | Found a transporter.
 18132 | Gauntlet | Found a transporter.
 18136 | Gauntlet | Found a large runed translucent door.
 18137 | Gauntlet | Found a large runed translucent door.
 18138 | Gauntlet | Found a large runed translucent door.
 18138 | Gauntlet | Found a large runed translucent door.
 18139 | Gauntlet | Found a runed translucent gate.
 18140 | Gauntlet | Found a large runed translucent door.
 18140 | Gauntlet | Found a large runed translucent door.
 18140 | Gauntlet | Found a runed translucent door.
 18141 | Gauntlet | Found a large runed translucent door.
 18142 | Gauntlet | Found a large runed translucent door.
 18144 | Gauntlet | Found a runed translucent gate.
 18144 | Gauntlet | Found a transporter.
 18145 | Gauntlet | Found a runed translucent gate.
 18145 | Gauntlet | Found a runed translucent door.
 18145 | Gauntlet | Found a transporter.
 18157 | Gauntlet | Found a transporter.
 18160 | Gauntlet | Found a large runed translucent door.
 18160 | Gauntlet | Found a large runed translucent door.
 18160 | Gauntlet | Found the dreamshard necklace {Acrobat *Dream}
 18161 | Gauntlet | Found a large runed translucent door.
 18162 | Gauntlet | Found a large runed translucent door.
 18172 | Gauntlet | Found a large runed translucent door.
 18172 | Gauntlet | Found a large runed translucent door.
 18173 | Gauntlet | Found a large runed translucent door.
 18232 | Gauntlet | Found a transporter.
 18255 | Gauntlet | Found a transporter.
 18278 | Gauntlet | Found a large runed translucent door.
 18371 | Gauntlet | Found a transporter.
 18382 | Gauntlet | Found a transporter.
 18399 | Gauntlet | Found a transporter.
 18415 | Gauntlet | Found a transporter.
 18514 | Gauntlet | Found a transporter.
 18546 | Gauntlet | Found a transporter.
 18730 | Gauntlet | Reached skill level 15 in Armour
 18833 | Gauntlet | Identified the +0 hat "Runkatyo" {Rampage}
 18943 | Gauntlet | Identified the +5 chain mail "Diumeepo" {Int+4 Dex-3}
 18958 | Gauntlet | Identified 2 scrolls of acquirement
 18958 | Gauntlet | Acquired the +7 double sword of Famine {venom, rPois rF+
                  | rCorr Dex+3}
 18982 | Gauntlet | Noticed a minotaur
 18992 | Gauntlet | Killed a minotaur
 18993 | Gauntlet | Reached skill level 10 in Shields
 19012 | Gauntlet | Identified the +0 war axe of Contradiction {holy, Int+2}
 19016 | Gauntlet | Got the Spellbook of Direction
 19122 | D:12     | Found Biuhy's Antique Armour Emporium.
 19199 | D:12     | Received a gift from Okawaru
 19219 | D:12     | Found Axzes's General Store.
 19274 | D:12     | Reached skill level 16 in Long Blades
 19388 | D:12     | Found Minlum's Weapon Shoppe.
 19783 | D:12     | Found Cottoe Kanad's Antique Armour Shop.
 20050 | Orc:1    | Entered Level 1 of the Orcish Mines
 20591 | Orc:2    | Entered Level 2 of the Orcish Mines
 21186 | Orc:2    | Received a gift from Okawaru
 21400 | Orc:2    | Found a staircase to the Elven Halls.
 21981 | Orc:2    | Reached XP level 14. HP: 129/132 MP: 13/13
 22054 | Orc:2    | Found Hikk's Assorted Antiques.
 22054 | Orc:2    | Found Pougg's Jewellery Shop.
 22055 | Orc:2    | Found Neguakuc's Distillery.
 22059 | Orc:2    | Found Rigar's Distillery.
 22063 | Orc:2    | Bought the ring "Pyxzeept" {Fly rN+ rCorr Int+4 Slay+3} for
                  | 814 gold pieces
 22075 | Orc:2    | Bought a potion of heal wounds for 55 gold pieces
 22742 | D:13     | Reached skill level 17 in Long Blades
 22855 | D:13     | Found a frozen archway.
 22876 | IceCv    | Entered an ice cave
 23197 | IceCv    | Received a gift from Okawaru
 23479 | IceCv    | Got Golubria's Parchment of Relocation
 23501 | IceCv    | Found an ancient bone altar of Kikubaaqudgha.
 23922 | IceCv    | HP: 2/133 [death yak simulacrum (11)]
 23929 | IceCv    | HP: 6/131 [necromancer/bolt of negative energy (6)]
 24356 | IceCv    | Acquired 781 gold pieces
 24360 | IceCv    | Acquired 1128 gold pieces
 24481 | D:13     | Found a gate to the Vaults.
 24502 | D:13     | Received a gift from Okawaru
 24503 | D:13     | Reached skill level 15 in Fighting
 25555 | D:4      | Killed koorschki's ghost
 26438 | D:14     | Found Peobris's Antique Armour Emporium.
 26617 | D:14     | Received a gift from Okawaru
 26677 | D:14     | Identified the +3 leather armour of Skepticism {^Drain rC++
                  | Regen+ Str+3}
 26717 | D:14     | Reached skill level 18 in Long Blades
 26960 | D:14     | Reached skill level 5 in Dodging
 27145 | D:15     | Entered Level 15 of the Dungeon
 27280 | D:15     | Reached XP level 15. HP: 114/143 MP: 14/14
 27551 | D:15     | Received a gift from Okawaru
 27838 | D:15     | Found a staircase to the Depths.
 27838 | D:15     | Noticed a frost giant
 27846 | D:15     | Killed a frost giant
 28803 | Lair:4   | Found a viscous altar of Jiyva.
 28803 | Lair:4   | Found a staircase to the Slime Pits.
 29546 | Lair:5   | Entered Level 5 of the Lair of Beasts
 29566 | Lair:4   | Received a gift from Okawaru
 30208 | Lair:5   | Received a gift from Okawaru
 30331 | Lair:5   | Reached skill level 19 in Long Blades
 31465 | Lair:1   | You are sucked into a shaft and drop 1 floor!
 32142 | Snake:1  | Entered Level 1 of the Snake Pit
 32604 | Snake:1  | Found Miewaq's Magic Scroll Boutique.
 32605 | Snake:1  | Found Binyd's Antique Weapon Shop.
 32605 | Snake:1  | Found Laoniqej's Book Boutique.
 32630 | Snake:1  | Received a gift from Okawaru
 32666 | Snake:1  | Reached XP level 16. HP: 38/155 MP: 13/15
 32952 | Snake:1  | Found Gygaboxe's Antique Weapon Shop.
 33048 | Snake:1  | HP: 3/155 [phantasmal warrior (17)]
 33576 | Snake:1  | Identified the serpent talisman of Compassion {rF+ rC+ rN+}
 33576 | Snake:1  | Noticed Aizul
 33594 | Snake:1  | Saved by the dreamshard amulet
 33595 | Snake:1  | Killed from afar by Aizul

Illustrated notes

Levels and vault maps discovered:
D:1:      lemuel_arrival_cross, layout_basic, minmay_misc_feat_tower, hex_large,
          minmay_curled_crystal
D:2:      layout_loops_ring, grunt_decor_fettered, nicolae_titane
D:3:      minmay_bubble_buster, layout_rooms, basic_ecumenical_altar,
          serial_shops, shop, nicolae_concentric_dashed_squares_mild,
          uniq_natasha, uniq_crazy_yiuf_cottage
D:4:      layout_basic, gammafunk_ghost_mausoleum, st_stairs_14, uniq_menkaure,
          uniq_blork_the_orc
D:5:      layout_rooms, minitemple, minmay_bent
D:6:      layout_basic, regret_index_temple_of_mockery,
          minmay_temple_entry_mist, interstate_on_off, st_stairs_1,
          minmay_a_box_with_orc_wizards_in_it
D:7:      layout_loops_ring
D:8:      layout_rooms
D:9:      minmay_inner_zag, layout_basic, amcnicky_mini_rare_corridor_liquid,
          kennysheep_cross_room, minivault_16, minivault_22
D:10:     minmay_chambers_of_sixes, layout_rooms, hiddenorc2_lemuel
D:11:     dreamdust_labyrinth, layout_loops_ring
D:12:     layout_loops_ring, gauntlet_entry_generic, serial_shops,
          nicolae_shop_rolling_square, nicolae_shop_hallway_stairs,
          nicolae_shop_behind_doors, nicolae_shop_trees,
          nicolae_inconvenience_store
D:13:     layout_basic, hangedman_vaults_entry_quadrant_bands,
          portal_ice_cave_demonic_guard, kennysheep_path_1
D:14:     layout_irregular_city, serial_shops, shop_fountains, st_stairs_8
D:15:     grunt_enter_depths_snipers, layout_basic
Lair:1:   layout_chaotic_city, st_stairs_8
Lair:2:   layout_roguey
Lair:3:   layout_concentric_octagons, shoals_dummy_entry,
          nicolae_snake_entry_warm_welcome, lemuel_fruit_tree,
          infiniplex_staircase_pool_2
Lair:4:   layout_cave_pods, dpeg_slime_entry_enclosed, ldierk_geyser
Lair:5:   gammafunk_lair_ancient_temple, layout_regular_city,
          serial_bayou_lagoon_a, nicolae_lair_liquid_snakes,
          serial_bayou_shore_b
Snake:1:  layout_misc_corridors, nicolae_snake_ghostly_warrior_ritual,
          grunt_megastairs_2, minmay_shoptagon, uniq_aizul
Orc:1:    layout_caves
Orc:2:    st_orc_mages, layout_caves, nicolae_orc_beogh_chapel,
          elves_outpost_lemuel

Skill      XL: |  1  2  3  4  5  6  7  8  9 10 11 12 13 14 15 |
---------------+----------------------------------------------+-----
Armour         | 4 5 6 7 9 10 12 14 15 17 | 17.8
Long Blades    | 3 4 5 6 7 9 11 13 14 15 16 18 19 | 19.5
Fighting       | 4 5 6 8 9 10 12 14 15 17 | 17.6
Shields        | 4 5 6 7 8 9 11 12 14 | 14.3
Dodging        | 1 3 4 5 |  5.0
Stealth        | 1 2 |  2.8
Invocations    | |  0.7

Action                     |  1- 3 |  4- 6 |  7- 9 | 10-12 | 13-15 | 16-18 || total
---------------------------+-------+-------+-------+-------+-------+-------++-------
  Melee: Long sword        |    85 |   186 |   363 |   245 |       |       ||   879
         Headbutt          |    10 |    31 |    54 |   165 |   326 |    13 ||   599
         Scimitar          |       |       |       |   437 |   100 |       ||   537
         Double sword      |       |       |       |       |  1172 |    57 ||  1229
 Invoke: Heroism           |       |       |       |     1 |     3 |     1 ||     5
  Evoke: Wand              |       |       |       |       |     2 |       ||     2
    Use: Scroll            |     1 |     6 |     6 |     8 |    13 |     1 ||    35
         Potion            |     1 |     2 |     1 |     5 |     3 |       ||    12
   Stab: Distracted        |       |     1 |       |       |       |       ||     1
 Armour: Scale mail        |    45 |       |       |       |       |       ||    45
         Chain mail        |    16 |   180 |   198 |       |       |       ||   394
         Plate armour      |       |       |   127 |   670 |  1158 |    61 ||  2016
  Dodge: Dodged            |    40 |    86 |   139 |   182 |   668 |    36 ||  1151
  Block: Buckler           |    15 |    69 |    85 |   170 |   495 |    25 ||   859
